 Dungeon Sprint DCSS version 0.24.0-1-gfbc8707 (webtiles) character file.

Game seed: 11957623371696545848, levelgen mode: deterministic

9405 Fang the Warrior (level 11, -5/126 HPs)
             Began as a Gargoyle Berserker on Nov 1, 2019.
             Was the Champion of Trog.
             Slain by a wolf spider (11 damage)
             ... in the Dungeon (Sprint V: "Ziggurat Sprint").
             The game lasted 00:03:02 (918 turns).

Fang the Warrior (Gargoyle Berserker)                Turns: 918, Time: 00:03:02

Health: -5/126     AC: 40    Str: 41    XL:     11   Next: 46%
Magic:  11/11      EV:  5    Int:  8    God:    Trog [******]
Gold:   0          SH: 27    Dex:  9    Spells: 10/10 levels left

rFire    . . .     SeeInvis .   B - +10 broad axe of Satyriasis {chop, MR+}
rCold    . . .     Gourm    .   E - +18 shield of the Gong {rElec rN+ MR+ EV-5}
rNeg     + + .     Faith    .   b - +15 Maxwell's patent armour {-Cast -Tele rElec MR+ rCorr}
rPois    ∞         Spirit   .   (no helmet)
rElec    +         Reflect  .   (no cloak)
rCorr    +         Harm     .   (no gloves)
MR       +++++     NoTele   +   M - +0 pair of boots {Stlth+} Stlth ..........NoCast +
                                (no amulet)
HPRegen  1.31/turn              D - +6 ring of strength
MPRegen  0.12/turn              C - +6 ring of strength

@: berserking, regenerating, very quick
A: negative energy resistance 1, electricity resistance, unbreathing,
petrification resistance, rot immunity, AC +8
a: Berserk, Trog's Hand, Brothers in Arms, Renounce Religion


You were in the Dungeon.
You worshipped Trog.
Trog was exalted by your worship.
You were hungry.

You visited 1 branch

Inventory:

Hand Weapons
 a - a +5 broad axe of draining
 B - the +10 broad axe of Satyriasis (weapon) {chop, MR+}
   (You found it in the Dungeon)

   It inflicts extra damage upon your enemies.
   It affects your resistance to hostile enchantments.
 F - a +2 broad axe of chopping
 L - the +4 battleaxe "Qamnihoics" {venom, Fragile rElec rC++ rN+}
   (Trog gifted it to you in the Dungeon)

   It poisons the flesh of those it strikes.
   It greatly protects you from cold.
   It insulates you from electricity.
   It protects you from negative energy.
   It will be destroyed if unequipped.
Armour
 b - the +15 Maxwell's patent armour (worn) {-Cast -Tele rElec MR+ rCorr}
   (You found it in the Dungeon)

   It insulates you from electricity.
   It affects your resistance to hostile enchantments.
   It prevents spellcasting.
   It prevents most forms of teleportation.
   It provides partial protection from all sources of acid and corrosion.
 E - the +18 shield of the Gong (worn) {rElec rN+ MR+ EV-5}
   (You found it in the Dungeon)

   It affects your evasion (-5).
   It insulates you from electricity.
   It protects you from negative energy.
   It affects your resistance to hostile enchantments.
 M - a +0 pair of boots of stealth (worn)
Jewellery
 g - an uncursed ring of stealth
 x - the amulet "Adech" {Inacc rElec rF+ Stlth+}
   (You found it in the Dungeon)

   [amulet of inaccuracy]

   It reduces the accuracy of all your attacks.
   It protects you from fire.
   It insulates you from electricity.
   It makes you more stealthy.
 y - the ring "Nuasaph Beci" {+Fly rF+ rC+ Str-3 Dex+3}
   (You found it in the Dungeon)

   [ring of flight]

   It affects your strength (-3).
   It affects your dexterity (+3).
   It protects you from fire.
   It protects you from cold.
   It lets you fly.
 A - an uncursed amulet of faith
 C - a +6 ring of strength (right hand)
 D - a +6 ring of strength (left hand)
 I - the ring of Noon {rN+ Str+2 Int+3 Stlth-}
   (You found it in the Dungeon)

   [ring of positive energy]

   It affects your strength (+2).
   It affects your intelligence (+3).
   It protects you from negative energy.
   It makes you less stealthy.
 J - a +4 ring of protection
 K - an uncursed ring of magical power
Wands
 u - a wand of disintegration (7)
 v - a wand of iceblast (7)
 w - a wand of acid (7)
 H - a wand of flame (23)
Scrolls
 i - 4 scrolls of blinking
 j - 7 scrolls of fog
 k - a scroll of holy word
 l - 3 scrolls of identify
 m - 5 scrolls of remove curse
 n - 2 scrolls of fear
Potions
 d - 12 potions of curing
 e - 9 potions of heal wounds
 f - 6 potions of haste
 h - 3 potions of berserk rage
 p - 2 potions of invisibility
 q - 4 potions of resistance
 r - a potion of experience
 s - 5 potions of agility
 t - 5 potions of might
Comestibles
 c - 8 rations
 o - 3 chunks of flesh


   Skills:
 * Level 16.6 Fighting
 * Level 14.3 Axes
 + Level 13.0 Armour
 + Level 10.2 Dodging


You had 10 spell levels left.
You didn't know any spells.
Your spell library was empty.

Dungeon Overview and Level Annotations

Branches:
Dungeon (1/1)

Altars:
Ashenzari
Cheibriados
Dithmenos
Elyvilon
Fedhas
Gozag
Hepliaklqana
Kikubaaqudgha
Makhleb
Nemelex Xobeh
Okawaru
Qazlal
Ru
Sif Muna
Trog
Uskayaw
Vehumet
Wu Jian
Xom
Yredelemnul
Zin
The Shining One
Beogh
Jiyva
Lugonu


Innate Abilities, Weirdness & Mutations

You are resistant to torment.
Your stone body is resilient. (AC +8)
You are immune to poison.
You resist negative energy. (rN+)
You are resistant to electric shocks. (rElec)
You can survive without breathing.
You are immune to petrification.
You are immune to rotting.


Message History

The hornet stings you!
* * * LOW HITPOINT WARNING * * *
You block the wolf spider's attack.
SHROANNG!
You block the wolf spider's attack.
SHROANNG!
The demonic crawler hits you but does no damage. x3
The redback bites you but does no damage.
You block the hornet's attack.
SHROANNG!
A red film seems to cover your vision as you go berserk!
You feel yourself moving faster!
You feel mighty!
You are feeling hungry.
You block the hornet's attack.
BONNNG!
You block the wolf spider's attack.
PTOANNNG!
The wolf spider bites you but does no damage.
The wolf spider hits you!
You die...

▓...8©8...▓
▓..}[)=)..▓....[||..▓
▓..?}==}..▓...:![}..▓
▓.........▓.........▓
▓.........▓......†..▓
▓.s.......▓.....†...▓
▓....y....▓.....†.†.▓
▓...ysy...▓.........▓
▓.▓.s@s.▓.▓....©....▓
▓...†©....▓▓▓▓▓▓▓▓▓▓▓
▓▓▓▓▓▓▓▓▓▓▓


You could see a demonic crawler, a wolf spider (berserk), a moth of wrath, an
orb spider, 2 hornets and a redback.

Vanquished Creatures
  Erica (D)
  2 spriggan druids (D)
  An orb spider (D)
  3 wolf spiders (D)
  4 toenail golems (D)
  2 hornets (D)
  4 jumping spiders (D)
  A raiju (D)
  Sigmund (D)
  2 spriggans (D)
  4 tarantellas (D)
  A yak (D)
  3 insubstantial wisps (D)
  Edmund (D)
  A small abomination (D)
  Duvessa (D)
  3 hell hounds (D)
  2 black bears (D)
  Blork the orc (D)
  A bullfrog (D)
  2 earth elementals (D)
  Dowan (D)
  4 scorpions (D)
  2 crimson imps (D)
  Crazy Yiuf (D)
  An orc priest (D)
  An orc wizard (D)
  Jessica (D)
  A white imp (D)
  2 ufetubi (D)
  3 orcs (D)
  A ball python skeleton (D)
  A giant cockroach zombie (D)
60 creatures vanquished.

Notes
Turn   | Place    | Note
-------+----------+-------------------------------------------
     0 | D        | Fang the Gargoyle Berserker began the quest for the Orb.
     0 | D        | Reached XP level 1. HP: 14/14 MP: 1/1
     6 | D        | Found a blossoming altar of Fedhas.
     7 | D        | Found the +6 Majin-Bo {vamp, Archmagi MP+6 Int+6}
     7 | D        | Found the +7 great mace "Firestarter" {inner flame, rF++}
     7 | D        | Found a transporter.
     7 | D        | Found a viscous altar of Jiyva.
     7 | D        | Found an ancient bone altar of Kikubaaqudgha.
     7 | D        | Found a hazy altar of Hepliaklqana.
     7 | D        | Found a corrupted altar of Lugonu.
     7 | D        | Found an opulent altar of Gozag.
     7 | D        | Found a burning altar of Makhleb.
    12 | D        | Found an iron altar of Okawaru.
    12 | D        | Found a stormy altar of Qazlal.
    12 | D        | Found a sparkling altar of Nemelex Xobeh.
    12 | D        | Found a sacrificial altar of Ru.
    12 | D        | Found a shimmering blue altar of Sif Muna.
    20 | D        | Found the +9 heavy crossbow "Sniper" {velocity, Acc+∞ SInv}
    20 | D        | Found the +10 dark maul {crush}
    20 | D        | Found the +15 Maxwell's patent armour {-Cast -Tele rElec
                  | MR+ rCorr}
    20 | D        | Found the +18 shield of the Gong {rElec rN+ MR+ EV-5}
    20 | D        | Found the cursed +14 obsidian axe {chop, +Fly SInv *Curse}
    32 | D        | Found a bloodstained altar of Trog.
    79 | D        | Entered arena 2.
    79 | D        | Noticed a bullfrog
    79 | D        | Noticed a yak
    79 | D        | Found a transporter.
    83 | D        | Killed a yak
    83 | D        | Reached skill level 6 in Fighting
    83 | D        | Reached skill level 5 in Axes
    83 | D        | Reached skill level 5 in Armour
    83 | D        | Reached XP level 2. HP: 23/23 MP: 2/2
    83 | D        | Reached XP level 3. HP: 28/28 MP: 3/3
    83 | D        | Reached XP level 4. HP: 32/32 MP: 4/4
    83 | D        | Reached XP level 5. HP: 37/37 MP: 5/5
    88 | D        | Reached skill level 7 in Fighting
    88 | D        | Reached skill level 5 in Dodging
   128 | D        | Entered arena 3.
   128 | D        | Noticed an insubstantial wisp
   128 | D        | Noticed an insubstantial wisp
   128 | D        | Noticed an insubstantial wisp
   128 | D        | Found a transporter.
   131 | D        | Killed an insubstantial wisp
   131 | D        | Reached ** piety under Trog
   131 | D        | Reached skill level 8 in Fighting
   131 | D        | Reached XP level 6. HP: 44/44 MP: 6/6
   132 | D        | Killed an insubstantial wisp
   132 | D        | Reached skill level 9 in Fighting
   132 | D        | Reached XP level 7. HP: 51/51 MP: 7/7
   139 | D        | Killed an insubstantial wisp
   280 | D        | Entered arena 4.
   280 | D        | Found a transporter.
   285 | D        | Reached *** piety under Trog
   288 | D        | Reached skill level 10 in Fighting
   321 | D        | Entered arena 5.
   321 | D        | Noticed a tarantella
   321 | D        | Noticed a jumping spider
   321 | D        | Found a transporter.
   325 | D        | Reached **** piety under Trog
   329 | D        | Killed a tarantella
   329 | D        | Reached XP level 8. HP: 44/59 MP: 8/8
   329 | D        | Killed a jumping spider
   329 | D        | Reached skill level 11 in Fighting
   406 | D        | Entered arena 6.
   406 | D        | Found a transporter.
   410 | D        | Reached ***** piety under Trog
   410 | D        | Received a gift from Trog
   426 | D        | Got the amulet "Adech" {Inacc rElec rF+ Stlth+}
   429 | D        | Entered arena 7.
   429 | D        | Noticed a toenail golem
   429 | D        | Noticed a toenail golem
   429 | D        | Noticed a toenail golem
   429 | D        | Noticed a toenail golem
   430 | D        | Found the +3 warlock's mirror {reflect}
   430 | D        | Found the +10 zealot's sword {holy, *Rage rN+ EV+3}
   430 | D        | Found a transporter.
   436 | D        | Killed a toenail golem
   436 | D        | Reached skill level 10 in Axes
   438 | D        | Killed a toenail golem
   438 | D        | Reached skill level 12 in Fighting
   438 | D        | Reached skill level 10 in Armour
   438 | D        | Reached XP level 9. HP: 66/66 MP: 9/9
   439 | D        | Killed a toenail golem
   441 | D        | Killed a toenail golem
   441 | D        | Received a gift from Trog
   441 | D        | Reached skill level 13 in Fighting
   483 | D        | Got the ring "Nuasaph Beci" {+Fly rF+ rC+ Str-3 Dex+3}
   508 | D        | Entered arena 8.
   508 | D        | Noticed a spriggan druid
   508 | D        | Noticed a spriggan druid
   508 | D        | Noticed a spriggan rider
   509 | D        | Found a transporter.
   516 | D        | Killed a spriggan rider
   516 | D        | Killed a hornet
   516 | D        | Reached skill level 14 in Fighting
   516 | D        | Reached XP level 10. HP: 75/75 MP: 10/10
   517 | D        | Killed a spriggan druid
   517 | D        | Received a gift from Trog
   518 | D        | Killed a spriggan druid
   532 | D        | Got the +10 broad axe of Satyriasis {chop, MR+}
   558 | D        | Entered arena 9.
   559 | D        | Noticed an orb spider
   564 | D        | Reached ****** piety under Trog
   565 | D        | Received a gift from Trog
   568 | D        | Found a transporter.
   577 | D        | Killed an orb spider
   577 | D        | Reached skill level 15 in Fighting
   652 | D        | Entered arena 10.
   652 | D        | Noticed Sigmund
   652 | D        | Noticed Jessica
   652 | D        | Noticed Blork the orc
   652 | D        | Noticed Crazy Yiuf
   652 | D        | Noticed Dowan
   652 | D        | Noticed Duvessa
   652 | D        | Noticed Edmund
   652 | D        | Noticed Erica
   653 | D        | Identified the +8 hunting sling of the Poles {velocity,
                  | Str-3 Dex+5}
   655 | D        | Killed Jessica
   658 | D        | Killed Duvessa
   658 | D        | Received a gift from Trog
   661 | D        | Killed Blork the orc
   661 | D        | Killed Crazy Yiuf
   664 | D        | Killed Edmund
   664 | D        | Killed Dowan
   667 | D        | Killed Erica
   667 | D        | Received a gift from Trog
   667 | D        | Reached XP level 11. HP: 83/83 MP: 11/11
   695 | D        | Found a transporter.
   697 | D        | Killed Sigmund
   714 | D        | Got the ring of Noon {rN+ Str+2 Int+3 Stlth-}
   738 | D        | Entered arena 11.
   738 | D        | Noticed a wolf spider
   738 | D        | Noticed a wolf spider
   739 | D        | Found a transporter.
   744 | D        | Killed a wolf spider
   744 | D        | Reached skill level 16 in Fighting
   745 | D        | Received a gift from Trog
   748 | D        | Reached skill level 10 in Dodging
   749 | D        | Killed a wolf spider
   762 | D        | Got a fine battleaxe {god gift}
   905 | D        | Identified the +4 battleaxe "Qamnihoics" {venom, Fragile
                  | rElec rC++ rN+} (Trog gifted it to you in the Dungeon)
   910 | D        | Entered arena 12.
   910 | D        | Noticed an orb spider
   910 | D        | Noticed a wolf spider
   910 | D        | Noticed a wolf spider
   910 | D        | Noticed a moth of wrath
   914 | D        | Killed a wolf spider
   917 | D        | HP: 3/84 [hornet (12)]
   918 | D        | Slain by a wolf spider

Levels and vault maps discovered:
D:        sprint_v [room_start, room_1, room_2, room_3, room_4, room_5, room_6,
          room_7, room_8, room_9, room_10, room_11, room_12, room_13, room_14,
          room_15, room_16, room_17, room_18, room_19, room_20, room_21,
          room_22, room_23, room_24, room_25, room_26, room_27]

Skill      XL: |  1  2  3  4  5  6  7  8  9 10 11 |
---------------+----------------------------------+-----
Fighting       | 6 8 9 10 12 14 15 16 | 16.6
Axes           | 5 6 7 9 10 12 13 14 | 14.3
Armour         | 5 7 8 10 11 12 13 | 13.0
Dodging        | 4 5 6 7 8 9 10 | 10.2

Action                   |  1- 3 |  4- 6 |  7- 9 | 10-12 || total
-------------------------+-------+-------+-------+-------++-------
Melee: Broad axe         |     3 |     7 |    46 |    49 ||   105
Invok: Berserk           |     1 |     1 |     2 |     3 ||     7
       Trog's Hand       |       |       |       |     1 ||     1
  Use: Scroll            |       |       |     1 |     3 ||     4
       Potion            |       |       |       |     1 ||     1
  Eat: Chunk             |       |       |     2 |     4 ||     6
Armor: Plate armour      |       |     1 |    35 |    73 ||   109
Dodge: Dodged            |     1 |       |     8 |     8 ||    17
Block: Shield            |     6 |     7 |    65 |    99 ||   177
